 Dungeon Crawl Stone Soup version 0.24.0-123-gd5b16e6ec5 (webtiles) character file.

Game seed: 7752988734752258218, levelgen mode: deterministic

35 FishyPogo the Ogre Mage (level 3, -1/33 HPs)
             Began as an Ogre Wizard on Jan 2, 2020.
             Slain by a gnoll
             ... wielding a +0 club
              (5 damage)
             ... on level 2 of the Dungeon.
             The game lasted 00:03:48 (672 turns).

FishyPogo the Ogre Mage (Ogre Wizard)                Turns: 672, Time: 00:03:49

Health: -1/33      AC:  3    Str: 11    XL:     3   Next: 35%
Magic:  1/8        EV: 10    Int: 19    God:
Gold:   68         SH:  0    Dex:  8    Spells: 1/10 levels left

rFire    . . .     SeeInvis .   j - +0 club
rCold    . . .     Gourm    .   (no shield)
rNeg     . . .     Faith    .   a - +0 robe
rPois    .         Spirit   .   b - +0 hat
rElec    .         Reflect  .   (no cloak)
rCorr    .         Harm     .   (gloves unavailable)
MR       .....                  (boots unavailable)
Stlth    ++........             (no amulet)
HPRegen  0.11/turn              (no ring)
MPRegen  0.11/turn              (no ring)

@: no status effects
A: large, unfitting armour, tough skin 1
a: no special abilities


You were on level 2 of the Dungeon.
You were not hungry.

You visited 1 branch of the dungeon, and saw 2 of its levels.

You collected 68 gold pieces.

Inventory:

Hand Weapons
 j - a +0 club (weapon)
Missiles
 h - 45 stones (quivered)
Armour
 a - a +0 robe (worn)
 b - a +0 hat (worn)
Scrolls
 c - 2 scrolls of remove curse {unknown}
 e - a scroll of amnesia {unknown}
 l - a scroll of enchant armour {unknown}
 m - a scroll of enchant weapon {unknown}
 o - 2 scrolls of identify {unknown}
Potions
 f - a potion of curing {unknown}
 i - a potion of magic {unknown}
 k - a potion of cancellation {unknown}
 n - a potion of heal wounds {unknown}
Comestibles
 d - 2 rations
 g - 5 chunks of flesh


   Skills:
 + Level 1.4 Fighting
 + Level 2.0 Dodging
 + Level 1.7 Stealth
 * Level 4.1 Spellcasting
 + Level 1.3 Conjurations
 - Level 0.8 Summonings
   Level 0.8 Translocations


You had one spell level left.
You knew the following spells:

 Your Spells              Type           Power        Failure   Level  Hunger
a - Magic Dart            Conj           #...         8%          1    None
c - Mephitic Cloud        Conj/Pois/Air  #.......     34%         3    ###....
j - Conjure Flame         Conj/Fire      #.......     30%         3    ###....
n - Call Imp              Summ           #.......     14%         2    ##.....

Your spell library contained the following spells:

 Spells                   Type           Power        Failure   Level  Hunger
 Blink                    Tloc           N/A          14%         2    ##.....
 Slow                     Hex            #.......     21%         2    ##.....


Dungeon Overview and Level Annotations

Branches:
Dungeon (1/15)

Altars:


Innate Abilities, Weirdness & Mutations

You are too large for most types of armour.
You have tough skin. (AC +1)


Message History

Confirm with . or Enter, or press ? or * to list all spells.
Aiming: Mephitic Cloud (safe; 34% risk of failure)
Press: ? - help, Shift-Dir - straight line The ball explodes into a vile cloud!
The stinking cloud engulfs the gnoll but does no damage. x2
The stinking cloud engulfs your crimson imp but does no damage.
Your crimson imp hits the gnoll.
The gnoll hits you with a +0 club.
Your crimson imp hits the gnoll.
The gnoll dies!
Your crimson imp hits the gnoll.
Your crimson imp hits the gnoll.
You barely miss the gnoll.
The gnoll is lightly wounded.
The gnoll hits you with a +0 club! The gnoll hits you with a +0 club.
* * * LOW HITPOINT WARNING * * *
The gnoll hits you but does no damage.
Unknown command.
Your crimson imp barely misses the gnoll.
The gnoll hits you with a +0 club.
You die...

########
######......#
#........#
+.....@..#
#....5gg.#
#........#
#........#
#........#
#........#
#......).#
##########


You could see 2 gnolls and a friendly crimson imp.

Vanquished Creatures
  An ooze (D:1)
  5 bats (D:1)
  2 giant cockroaches (D:1)
  4 goblins (D:1)
  3 hobgoblins (D:1)
  A kobold (D:1)
  2 frilled lizards (D:1)
  A rat (D:1)
19 creatures vanquished.

Vanquished Creatures (collateral kills)
  A gnoll (D:2)
  A kobold (D:1)
2 creatures vanquished.

Grand Total: 21 creatures vanquished

Notes
Turn   | Place    | Note
-------+----------+-------------------------------------------
     0 | D:1      | FishyPogo the Ogre Wizard began the quest for the Orb.
     0 | D:1      | Reached XP level 1. HP: 16/16 MP: 5/5
    72 | D:1      | Reached skill level 1 in Conjurations
   145 | D:1      | Reached XP level 2. HP: 26/26 MP: 0/6
   299 | D:1      | Reached skill level 1 in Fighting
   410 | D:1      | Reached skill level 4 in Spellcasting
   473 | D:1      | Reached XP level 3. HP: 33/33 MP: 5/8
   477 | D:1      | Learned a level 2 spell: Call Imp
   481 | D:1      | Learned a level 3 spell: Conjure Flame
   485 | D:1      | Learned a level 3 spell: Mephitic Cloud
   658 | D:1      | You fall into a shaft and drop 1 floor!
   672 | D:2      | Slain by a gnoll

Levels and vault maps discovered:
D:1:      lightli_arrival_noodles, layout_loops_ring, minmay_octomino_e4
D:2:      layout_basic

Skill      XL: |  1  2 |
---------------+-------+-----
Conjurations   | 1 |  1.3
Fighting       | 1 |  1.4
Dodging        | 2 |  2.0
Spellcasting   | 4 |  4.1
Stealth        | |  1.7
Summonings     | |  0.8
Translocations | |  0.8

Action                   || total
-------------------------++-------
Melee: Unarmed           ||    10
       Club              ||    44
 Cast: Magic Dart        ||    37
       Mephitic Cloud    ||     2
       Call Imp          ||     2
Armor: Robe              ||    26
Dodge: Dodged            ||    41
